 Dungeon Crawl Stone Soup version 0.20-a0-336-g7b05759 (webtiles) character file.

18 Lorak the Skirmisher (level 2, -2/24 HPs)
             Began as a Demonspawn Abyssal Knight on Dec 22, 2016.
             Was a Follower of Lugonu.
             Slain by a kobold
             ... wielding a +2 whip of electrocution
              (18 damage)
             ... on level 1 of the Dungeon.
             The game lasted 00:03:02 (336 turns).

Lorak the Skirmisher (Demonspawn Abyssal Knight)     Turns: 336, Time: 00:03:03

Health: -2/24      AC: 14    Str: 12    XL:     2   Next: 48%
Magic:  3/3        EV:  5    Int: 13    God:    Lugonu [*.....]
Gold:   23         SH:  0    Dex: 12    Spells: 1/1 levels left

rFire  . . .     SeeInvis .     a - +1 mace
rCold  . . .     Gourm    .     f - +4 chain mail
rNeg   . . .     Faith    .     (no shield)
rPois  .         Spirit   .     (no helmet)
rElec  .         Reflect  .     (no cloak)
rCorr  .         Harm     .     m - -1 pair of gloves (curse)
MR     .....                    (no boots)
Stlth  ..........               (no amulet)
                                (no ring)
                                (no ring)

@: no status effects
A: thin metallic scales 1
a: Depart the Abyss, Renounce Religion


You were on level 1 of the Dungeon.
You worshipped Lugonu.
Lugonu was aware of your devotion.
You were not hungry.

You visited 1 branch of the dungeon, and saw 1 of its levels.
You visited the Abyss 1 time.

You collected 23 gold pieces.

Inventory:

Hand Weapons
 a - a +1 mace (weapon)
Armour
 b - a +0 leather armour
 f - a +4 chain mail (worn)
 m - a cursed -1 pair of gloves (worn)
Scrolls
 d - a scroll of recharging {unknown}
 g - a scroll of magic mapping {unknown}
 i - a scroll of fog {unknown}
 k - a scroll of enchant weapon {unknown}
Potions
 e - a potion of heal wounds {unknown}
 l - a potion of degeneration {unknown}
Comestibles
 c - a bread ration
 h - 4 chunks of flesh
 j - a meat ration


   Skills:
 * Level 3.2 Fighting
 * Level 2.2 Maces & Flails
 + Level 1.8 Armour
 + Level 1.4 Dodging
 - Level 2.4 Invocations


You had one spell level left.
You didn't know any spells.

Dungeon Overview and Level Annotations

Branches:
Dungeon (1/15)

Altars:


Innate Abilities, Weirdness & Mutations

You are partially covered in thin metallic scales. (AC +2)


Message History

A kobold comes into view. It is wielding a short sword.
The kobold shouts!
You see here a ball python corpse.
You butcher the ball python corpse.
Things that are here:
2 chunks of flesh; a ball python skeleton A kobold comes into view.
It is wielding a whip of electrocution.
The kobold shouts!
Found a beef jerky.
You hit the kobold.
You kill the kobold!
Lugonu accepts your kill.
You see here a short sword.
You hit the kobold but do no damage. The kobold barely misses you.
You miss the kobold. The kobold hits you but does no damage.
You are electrocuted!
You closely miss the kobold. The kobold hits you but does no damage.
You are electrocuted!
Ouch! That really hurt!
You die...

####### #####
##.....##.....
###.............
#...............
#...............
#.....%.........
##.......@K....%.
##................
#..?..............
#.#.#.............
#######...##......#.....
.........###.##.#.###..#
######.### #.##...##....
.....#.# #............
####.#.# ##..#......


You could see a kobold.

Vanquished Creatures
  A dart slug (D:1)
  A ball python (D:1)
  A bat (D:1)
  3 giant cockroaches (D:1)
  2 goblins (D:1)
  2 hobgoblins (D:1)
  A frilled lizard (D:1)
  A kobold (D:1)
  2 rats (D:1)
14 creatures vanquished.

Notes
Turn   | Place    | Note
-------+----------+-------------------------------------------
     0 | Abyss:1  | Lorak the Demonspawn Abyssal Knight began the quest for the Orb.
     0 | Abyss:1  | Reached XP level 1. HP: 18/18 MP: 2/2
     5 | D:1      | Escaped the Abyss
    22 | D:1      | Reached skill level 1 in Dodging
   174 | D:1      | Gained mutation: You are partially covered in thin metallic scales. (AC +2) [demonic ancestry]
   174 | D:1      | Reached XP level 2. HP: 23/24 MP: 3/3
   336 | D:1      | Slain by a kobold

Vault maps used:
D:1:      saegor_arrival_simple_b, minmay_misc_feat_hallway
Abyss:1:  evilmike_abyss_exit_11

Skill      XL: |  1 |
---------------+----+-----
Dodging        | 1 |  1.4
Maces & Flails | 2 |  2.2
Fighting       | |  3.2
Armour         | |  1.8
Invocations    | |  2.4

Action                   || total
-------------------------++-------
Melee: Mace              ||    45
Armor: Chain mail        ||    31
Dodge: Dodged            ||    17
